Map: LotV Custom - Nimbus LE - Archon Mode

Players

Cobra

  • Race: Zerg Zerg
  • League: Platinum
  • Spawn Location: 5:00

Hamkaas

  • Race: Terran Terran
  • Spawn Location: 11:00

visagalis

  • Race: Protoss Protoss

Hindulaatti

  • Race: Protoss Protoss
  • League: Platinum

VOD

Have the link to the VOD?

Description

Time

  • Played on: March 22, 2015, 11:22 a.m.
  • Length: 9:42
Show
View Real Time Build Order
Export as new Build Order

Cobra Zerg 

Build Orders: Pool First 

Get SALT Encoding   

  12  0:01  Drone  
  13  0:09  Drone  
  14  0:17  Overlord  
  14  0:28  Extractor  
  13  0:30  Drone  
  15  0:37  Drone  
  16  0:44  Drone  
  16  0:47  Spawning Pool  
  16  0:57  Drone  
  17  1:10  Hatchery  
  16  1:13  Drone  
  17  1:22  Drone  
  18  1:27  Drone  
  19  1:33  Queen  
  19  1:39  Overlord, Extractor  
  20  1:51  Zergling x2  
  21  2:02  Drone  
  22  2:12  Queen  
  24  2:18  Drone  
  25  2:30  Hatchery  
  25  2:32  Drone x3  
  27  2:39  Queen  
  29  2:57  Roach Warren  
  28  3:01  Drone  
  28  3:02  Drone x3  
  28  3:04  Drone  
  33  3:11  Overlord  
  33  3:23  Overlord  
  33  3:24  Drone x3  
  36  3:31  Queen  
  38  3:37  Extractor  
  38  3:38  Drone, Extractor  
  38  3:39  Extractor  
  38  3:40  Roach  
  38  3:56  Roach x4  
  38  3:59  Drone x2  
  48  4:14  Queen  
  48  4:15  Overlord x2  
  50  4:24  Drone x4  
  52  4:31  Lair  
  52  4:46  Drone x4  
  55  5:01  Drone x3  
  55  5:02  Drone x3  
  55  5:04  Extractor  
  55  5:06  Drone  
  61  5:08  Drone  
  61  5:10  Drone  
  61  5:11  Drone  
  64  5:17  Drone  
  65  5:27  Drone x3  
  68  5:41  Queen  
  68  5:42  Drone x4  
  74  5:58  Overlord x3  
  74  5:59  Overlord  
  68  6:14  Overlord  
  68  6:15  Overlord x3  
  68  6:24  Roach x3  
  68  6:25  Roach x5  
  89  6:59  Infestation Pit, Glial Reconstitution  
  88  7:03  Roach  
  88  7:04  Evolution Chamber, Roach x13  
  88  7:06  Evolution Chamber  
  114  7:44  Roach x4  
  118  7:45  Roach  
  106  8:07  Roach x2  
  106  8:08  Roach x6  
  111  8:50  Overlord x4  
  111  8:51  Overlord x3  
  121  9:22  Hatchery  
  96  9:35  Hatchery  
Show
View Real Time Build Order
Export as new Build Order

Hamkaas Terran 

Build Orders:  

Get SALT Encoding   

  12  0:01  SCV  
  13  0:13  SCV  
  14  0:25  Supply Depot, SCV  
  15  0:39  Refinery  
  15  0:47  SCV, Barracks  
  16  1:00  SCV  
  17  1:12  SCV  
  18  1:24  SCV  
  19  1:31  Command Center  
  19  1:45  Orbital Command  
  19  1:47  Marine  
  20  1:58  Factory  
  20  2:05  Reaper  
  21  2:13  SCV  
  21  2:19  Supply Depot  
  21  2:25  SCV  
  22  2:37  Marine  
  22  2:41  SCV  
  24  2:44  Factory Tech Lab  
  24  2:47  Refinery  
  24  2:48  Orbital Command  
  24  2:53  SCV  
  24  2:56  Marine  
  26  3:10  Cyclone  
  29  3:16  SCV x2  
  31  3:24  Marine  
  32  3:28  SCV  
  33  3:34  Engineering Bay  
  33  3:37  Starport  
  33  3:39  Supply Depot  
  33  3:41  Refinery, SCV  
  33  3:42  SCV  
  35  3:53  SCV  
  35  3:54  SCV  
  35  3:55  Cyclone  
  40  4:00  Supply Depot  
  40  4:06  SCV x2  
  40  4:07  Barracks  
  40  4:08  Barracks  
  42  4:12  Terran Infantry Weapons Level 1  
  42  4:18  Starport Reactor  
  42  4:26  Supply Depot  
  42  4:28  SCV x2  
  44  4:31  Refinery  
  44  4:40  Command Center  
  44  4:42  SCV  
  44  4:43  SCV  
  47  5:00  SCV  
  47  5:03  Marine, SCV  
  47  5:06  Barracks Reactor  
  49  5:07  Barracks Reactor  
  49  5:12  SCV  
  51  5:21  SCV  
  51  5:24  SCV  
  52  5:29  Medivac x2  
  52  5:30  Barracks Tech Lab  
  52  5:31  Cyclone  
  52  5:34  SCV  
  60  5:36  Supply Depot, SCV  
  60  5:38  Supply Depot  
  61  5:46  SCV  
  61  5:48  SCV  
  63  5:52  Supply Depot  
  63  5:53  Command Center  
  62  6:21  SCV  
  62  6:22  SCV  
  62  6:24  Supply Depot  
  64  6:26  Cyclone  
  64  6:27  Orbital Command  
  64  6:28  Terran Infantry Armor Level 1  
  64  6:32  Marine x2  
  69  6:33  Marauder, Marine x2  
  69  6:38  Medivac x2  
  74  6:43  Supply Depot x2  
  71  6:50  Marine x2  
  71  6:51  SCV x2  
  77  6:54  Marauder  
  77  6:56  Marine x2  
  77  6:59  Siege Tank  
  82  7:03  SCV x2  
  82  7:08  Marine x2  
  84  7:11  Factory, Barracks  
  84  7:14  Marine  
  89  7:15  Marauder  
  89  7:19  Orbital Command, Stimpack  
  89  7:21  Medivac  
  89  7:22  Orbital Command  
  91  7:27  SCV x2  
  90  7:36  Marine  
  90  7:37  Marine x4  
  90  7:40  Bunker  
  90  7:42  Bunker  
  85  7:54  Marine x3  
  85  7:55  Marauder, Marine  
  87  8:03  Marine  
  87  8:04  Unknown  
  87  8:05  Siege Tank  
  87  8:12  Marine x3  
  85  8:13  Orbital Command, Widow Mine, Marine, Barracks  
  85  8:17  Marauder, Supply Depot  
  85  8:18  Supply Depot x2  
  91  8:21  Marine  
  90  8:33  Marine x4  
  93  8:38  Marauder  
  93  8:39  Marine  
  92  8:51  Marine x2  
  92  8:52  Marine x2  
  92  8:54  Siege Tank, Factory Tech Lab  
  92  8:55  Medivac x2  
  103  9:00  Marauder  
  103  9:02  SCV x3  
  109  9:08  Marine  
  109  9:09  Marine  
  111  9:10  Marine  
  111  9:12  Barracks Tech Lab, Marine  
  111  9:14  Barracks Tech Lab, SCV  
Show
View Real Time Build Order
Export as new Build Order

visagalis Protoss 

Build Orders:  

Get SALT Encoding   

Show
View Real Time Build Order
Export as new Build Order

Hindulaatti Protoss 

Build Orders:  

Get SALT Encoding   

Tags
 
Add a new tag
Caveats
  • Supply blocks, unpowered buildings, or Contaminate may cause inaccurate times.
  • Supply counts are checked every 10 seconds.